 Dungeon Crawl Stone Soup version 0.23-a0-137-gef0ad6d46f (webtiles) character file.

123 Napalmbreeze the Sneak (level 4, 0/21 HPs)
             Began as a Spriggan Enchanter on Aug 29, 2018.
             Was an Initiate of Ashenzari.
             Slain by an orc (3 damage)
             ... on level 3 of the Dungeon.
             The game lasted 00:10:03 (2952 turns).

Napalmbreeze the Sneak (Spriggan Enchanter)         Turns: 2952, Time: 00:10:04

Health: 0/21       AC:  3    Str:  4    XL:     4   Next: 79%
Magic:  8/19       EV: 19    Int: 16    God:    Ashenzari [......]
Gold:   75         SH:  0    Dex: 17    Spells: 6/9 levels left

rFire    . . .     SeeInvis +   a - +1 dagger
rCold    . . .     Gourm    .   (shield restricted)
rNeg     . . .     Faith    .   b - +0 robe
rPois    .         Spirit   .   (helmet restricted)
rElec    .         Reflect  .   j - +0 cloak
rCorr    .         Harm     .   (gloves unavailable)
MR       .....                  (boots unavailable)
Stlth    +++.......             (no amulet)
HPRegen  0.07/turn              f - ring of magical power (curse)
MPRegen  0.16/turn              (no ring)

@: very slightly contaminated, very quick
A: very small, unfitting armour, see invisible, herbivore, speed 3, slow
metabolism 2
a: Curse Item, Renounce Religion


You were on level 3 of the Dungeon.
You worshipped Ashenzari.
Ashenzari was noncommittal.
You were hungry.

You visited 1 branch of the dungeon, and saw 3 of its levels.

You collected 75 gold pieces.

Inventory:

Hand Weapons
 a - a +1 dagger (weapon)
Armour
 b - a +0 robe (worn)
 j - a +0 cloak (worn)
Jewellery
 f - a cursed ring of magical power (left hand)
Scrolls
 c - 2 scrolls of teleportation {unknown}
 h - a scroll of magic mapping {unknown}
 i - 2 scrolls of random uselessness {unknown}
 l - 2 scrolls of remove curse
 m - a scroll of fog {unknown}
 n - a scroll of identify {unknown}
Potions
 e - a potion of mutation {unknown}
 g - a potion of haste {unknown}
 k - a potion of lignification {unknown}
 o - a potion of brilliance {unknown}
Comestibles
 d - 4 rations


   Skills:
 + Level 2.1 Short Blades
 + Level 4.0 Dodging
 * Level 6.0 Stealth
 + Level 3.4 Spellcasting
 + Level 4.2 Hexes
 + Level 0.6 Ice Magic


You had 6 spell levels left.
You knew the following spells:

 Your Spells              Type           Power        Failure   Level  Hunger
a - Corona                Hex            ###....      3%          1    None
c - Ensorcelled Hibernat  Hex/Ice        ##....       10%         2    ##.....

Your spell library contained the following spells:

 Spells                   Type           Power        Failure   Level  Hunger
 Confuse                  Hex            ###.....     10%         3    ###....
 Tukima's Dance           Hex            ###.....     10%         3    ###....
 Dazzling Spray           Conj/Hex       #.....       22%         3    ###....


Dungeon Overview and Level Annotations

Branches:
Dungeon (3/15)

Altars:
Ashenzari
Gozag
Makhleb
Uskayaw
Vehumet


Innate Abilities, Weirdness & Mutations

You are very small and have problems with some larger weapons.
You are too small for most types of armour.
You have supernaturally acute eyesight. (SInv)
You are a herbivore.
You cover ground extremely quickly.
You need to consume almost no food.


Message History

Press: ? - help, Shift-Dir - straight line, f/p - orc
Aim: an orc, wearing a scale mail (moderately wounded, chance to defeat MR: You miscast Ensorcelled Hibernation.
You are very lightly contaminated with residual magic.
Frost covers your body.
Casting: Ensorcelled Hibernation (safe; 10% risk of failure)
Confirm with . or Enter, or press ? or * to list all spells.
Aiming: Ensorcelled Hibernation (safe; 10% risk of failure)
Press: ? - help, Shift-Dir - straight line, f/p - orc
Aim: an orc, wearing a scale mail (moderately wounded, chance to defeat MR: The orc resists with significant effort.
The orc closely misses you.
Casting: Ensorcelled Hibernation (safe; 10% risk of failure)
Confirm with . or Enter, or press ? or * to list all spells.
Aiming: Ensorcelled Hibernation (safe; 10% risk of failure)
Press: ? - help, Shift-Dir - straight line, f/p - orc
Aim: an orc, wearing a scale mail (moderately wounded, chance to defeat MR: The orc resists with significant effort.
The orc hits you.
You die...

## #.
#.#########
#..)o@....#
##.)####.#.#
#..)# #..<#
###.#.#.########
........<......#
......#........#
###!###g..?...##
... ...........
...>..........##


You could see an orc.

Vanquished Creatures
  An orc priest (D:3)
  4 adders
  2 worms (D:2)
  3 dart slugs
  A leopard gecko (D:1)
  3 orcs (D:3)
  A giant cockroach (D:1)
  5 goblins
  6 hobgoblins
  2 jackals (D:2)
  3 kobolds
  2 quokkas (D:2)
  A ball python (D:1)
  7 bats
  2 rats
43 creatures vanquished.

Notes
Turn   | Place    | Note
-------+----------+-------------------------------------------
     0 | D:1      | Napalmbreeze the Spriggan Enchanter began the quest for the
                  | Orb.
     0 | D:1      | Reached XP level 1. HP: 9/9 MP: 5/5
   233 | D:1      | Reached XP level 2. HP: 5/13 MP: 6/6
   533 | D:1      | Reached skill level 5 in Stealth
  1330 | D:2      | Reached XP level 3. HP: 11/16 MP: 5/8
  1418 | D:2      | Learned a level 2 spell: Ensorcelled Hibernation
  1569 | D:2      | Found a shattered altar of Ashenzari.
  1786 | D:2      | Became a worshipper of Ashenzari the Shackled
  2214 | D:2      | Found an opulent altar of Gozag.
  2323 | D:2      | Found a hide-covered altar of Uskayaw.
  2337 | D:2      | Reached XP level 4. HP: 20/21 MP: 10/10
  2458 | D:2      | Found a burning altar of Makhleb.
  2461 | D:2      | Found a radiant altar of Vehumet.
  2903 | D:3      | Reached skill level 6 in Stealth
  2952 | D:3      | Slain by an orc

Vault maps used:
D:1:      mrwooster_arrival_arrow
D:2:      wad_lake_hut, nicolae_overflow_hidden_temple,
          nicolae_overflow_crystal_walls, evilmike_ruin_ashenzari,
          lemuel_crystal_altar, minmay_door_square
D:3:      lemuel_crystal_altar, first_ration, uniq_terence

Skill      XL: |  1  2  3  4 |
---------------+-------------+-----
Stealth        | 5 6 |  6.0
Spellcasting   | 3 |  3.4
Hexes          | 4 |  4.2
Short Blades   | 2 |  2.1
Dodging        | 4 |  4.0
Ice Magic      | |  0.6

Action                   |  1- 3 |  4- 6 || total
-------------------------+-------+-------++-------
Melee: Dagger            |   154 |    73 ||   227
 Cast: Corona            |     6 |       ||     6
       Ensorcelled Hiber |     7 |     9 ||    16
Invok: Curse Item        |     1 |       ||     1
 Stab: Sleeping          |    15 |     5 ||    20
Armor: Robe              |     9 |     6 ||    15
Dodge: Dodged            |   123 |    55 ||   178

Table legend:
 A = Non-vault XP
 B = Vault XP
 C = Vault XP percentage of total XP
 D = Non-vault monster count
 E = Vault monster count
 F = Vault count percentage of total count
                 A         B        C        D         E       F
            +---------+---------+-------+---------+---------+-------
      Total |     176 |       0 |   0.0 |      43 |       0 |   0.0
            +---------+---------+-------+---------+---------+-------
        D:1 |      32 |       0 |   0.0 |      15 |       0 |   0.0
        D:2 |      76 |       0 |   0.0 |      20 |       0 |   0.0
        D:3 |      68 |       0 |   0.0 |       8 |       0 |   0.0
            +---------+---------+-------+---------+---------+-------
